 Dungeon Crawl Stone Soup version 0.28.0-45-g0d030f2227 (webtiles) character file.

Game seed: 10907047686807680217

233 Peloso the Covered (level 5, -8/47 HPs)
             Began as a Minotaur Fighter on Apr 4, 2022.
             Killed by divine providence
             ... invoked by an orc priest
              (16 damage)
             ... on level 4 of the Dungeon.
             The game lasted 00:03:30 (2666 turns).

Peloso the Covered (Minotaur Fighter)               Turns: 2666, Time: 00:03:30

Health: -8/47      AC:  7    Str: 21    XL:     5   Next: 74%
Magic:  4/4        EV: 13    Int:  5    God:
Gold:   118        SH:  0    Dex: 11    Spells: 4/4 levels left

rFire   . . .      SeeInvis .   a - +0 long sword
rCold   . . .      Faith    .   c - +0 buckler
rNeg    . . .      Spirit   .   b - +0 scale mail
rPois   .          Reflect  .   (helmet restricted)
rElec   .          Harm     .   (no cloak)
rCorr   .          Rampage  .   (no gloves)
Will    .....                   (no boots)
Stlth   ..........              (no amulet)
HPRegen 0.15/turn               i - +4 ring of evasion
MPRegen 0.09/turn               (no ring)

@: confused, ambrosia-drunk
A: horns 2, retaliatory headbutt
a: no special abilities


You were on level 4 of the Dungeon.
You visited 1 branch of the dungeon, and saw 4 of its levels.

You collected 118 gold pieces.

Inventory:

Hand Weapons
 a - a +0 long sword (weapon)
Armour
 b - a +0 scale mail (worn)
 c - a +0 buckler (worn)
Jewellery
 i - a +4 ring of evasion (left hand)
Scrolls
 k - a scroll of enchant weapon {unknown}
 l - a scroll of enchant armour {unknown}
 m - a scroll of immolation {unknown}
Potions
 d - a potion of might


   Skills:
 + Level 4.6 Fighting
 + Level 4.5 Long Blades
 + Level 5.4 Armour
 + Level 1.2 Dodging
 + Level 0.1 Stealth
 + Level 4.2 Shields


You had 4 spell levels left.
You didn't know any spells.
Your spell library contained the following spells:

 Spells                   Type           Power      Damage    Failure   Level
 Summon Small Mammal      Summ           0%         N/A       87%         1
 Call Canine Familiar     Summ           0%         N/A       99%         3
 Frozen Ramparts          Ice            0%         1d2       99%         3
 Summon Guardian Golem    Hex/Summ       0%         N/A       99%         3
 Ice Form                 Ice/Tmut       0%         N/A       100%        4
 Summon Ice Beast         Ice/Summ       0%         N/A       100%        4


Dungeon Overview and Level Annotations

Branches:
Dungeon (4/15)
 Temple: D:4-7

Altars:
Fedhas
Beogh

Annotations:
D:4 3 runed translucent doors, Ablot's ghost, amateur GnWr; dangdung's ghost, amateur OpTm; doomsgape's ghost, amateur GrEE; glosham's ghost, amateur DjCA


Innate Abilities, Weirdness & Mutations

You have a pair of horns on your head.
You reflexively headbutt those who attack you in melee.


Message History

You kill the orc!
You hear some strange, mumbled words.
A puff of flame appears from out of thin air!
The puff of flame hits you!
An orc priest comes into view. It is wielding a +0 whip.
The orc priest shouts!
A magic dart appears from out of thin air!
The magic dart hits you.
Things that are here:
a +0 war axe of draining; a +0 ring mail Unknown command.
You block the orc priest's attack. Something hits you. Something freezes you.
The orc priest barely misses you. You furiously retaliate!
You headbutt the orc priest, but do no damage.
The orc priest hits you with a +0 whip.
You hear some strange, mumbled words.
Something tries to affect you, but you resist.
A ball python comes into view.
The orc priest looks braver for a moment.
A magic dart appears from out of thin air!
The magic dart hits you.
Found 8 gold pieces.
A goblin comes into view. It is carrying a wand of flame (25).
The goblin shouts!
The goblin zaps a wand.
You block the puff of flame.
The orc priest invokes the aid of Beogh against you.
Beogh smites you!
* * * LOW HITPOINT WARNING * * *
There is a stone staircase leading up here.
Found a scroll of teleportation.
A puff of flame appears from out of thin air!
The puff of flame hits you!
* * * LOW HITPOINT WARNING * * *
It was a potion of ambrosia.
You are confused.
You feel invigorated.
The orc priest mumbles some strange prayers to Beogh against you.
Beogh smites you!
You die...

###+++####..:.......#.
#.....WWW.#..##..$.....
#8.......8##...........
#?.......)##..o#.......
#........$#..#{#......$
##8.....8##..#.......#
##($8?/######.......#
#<.##..... #.@# ####
?..........#
....g###.### ...S. ..
...# ... ... ...# .#
...# ....


You could see an orc priest, a goblin and a ball python.

Vanquished Creatures
  An iguana (D:3)
  Jessica (D:2)
  Natasha (thrice) (D:2)
  3 adders
  2 dart slugs
  A worm (D:2)
  3 orcs (D:4)
  2 endoplasms (D:1)
  4 giant cockroaches
  7 goblins
  6 hobgoblins
  6 jackals
  10 kobolds
  2 quokkas
  5 ball pythons
  A bat (D:1)
  5 frilled lizards
  6 rats
68 creatures vanquished.

Notes
Turn   | Place    | Note
-------+----------+-------------------------------------------
     0 | D:1      | Peloso the Minotaur Fighter began the quest for the Orb.
     0 | D:1      | Reached XP level 1. HP: 19/19 MP: 0/0
   338 | D:1      | Reached skill level 4 in Armour
   338 | D:1      | Reached XP level 2. HP: 27/27 MP: 1/1
   626 | D:1      | Found a faded altar of an unknown god.
   865 | D:1      | Noticed an orc warrior
  1208 | D:2      | Reached XP level 3. HP: 31/33 MP: 2/2
  1339 | D:2      | Noticed Natasha
  1342 | D:2      | Noticed Jessica
  1352 | D:2      | Killed Natasha
  1353 | D:2      | Reached XP level 4. HP: 33/40 MP: 3/3
  1360 | D:2      | Reached skill level 1 in Dodging
  1363 | D:2      | Killed Jessica
  1497 | D:2      | Noticed Natasha
  1510 | D:2      | Killed Natasha
  1528 | D:2      | Noticed Natasha
  1539 | D:2      | Killed Natasha
  1540 | D:2      | Reached skill level 5 in Armour
  1540 | D:2      | Reached XP level 5. HP: 30/47 MP: 4/4
  2249 | D:3      | Found a blossoming altar of Fedhas.
  2639 | D:4      | Found a runed translucent gate.
  2639 | D:4      | Found a runed translucent gate.
  2639 | D:4      | Found a runed translucent gate.
  2639 | D:4      | Noticed glosham's ghost (amateur DjCA)
  2639 | D:4      | Noticed Ablot's ghost (amateur GnWr)
  2639 | D:4      | Noticed doomsgape's ghost (amateur GrEE)
  2640 | D:4      | Noticed dangdung's ghost (amateur OpTm)
  2640 | D:4      | Noticed dangdung's ghost (amateur OpTm)
  2666 | D:4      | Killed from afar by an orc priest

Illustrated notes

Levels and vault maps discovered:
D:1:      erik_arrival_cave_to_civilisation [erik_arrival_cave_to_temple],
          layout_basic, basic_ecumenical_altar
D:2:      layout_rooms, uniq_natasha, uniq_jessica
D:3:      layout_basic, fedhas_altar_3
D:4:      layout_cave_pools, vehumet_altar_wand_db,
          nicolae_overflow_hidden_temple, gup_sewer_entry_pipe,
          gammafunk_ghost_cemetery

Skill      XL: |  1  2  3  4  5 |
---------------+----------------+-----
Armour         | 4 5 |  5.4
Fighting       | 4 |  4.6
Long Blades    | 3 4 |  4.5
Dodging        | 1 |  1.2
Shields        | 4 |  4.2
Stealth        | |  0.1

Action                   |  1- 3 |  4- 6 || total
-------------------------+-------+-------++-------
Melee: Long sword        |    70 |    80 ||   150
       Headbutt          |     8 |     9 ||    17
  Use: Scroll            |       |     3 ||     3
       Potion            |       |     3 ||     3
Armor: Scale mail        |    30 |    15 ||    45
Dodge: Dodged            |    53 |    63 ||   116
Block: Buckler           |    19 |    21 ||    40
